HBL
SPOKANE RIVER RATS @ SALT LAKE CITY BUZZ
06/08/1997
 
TOP OF THE 1ST
Spokane River Rats batting - Pitching for Salt Lake City Buzz : RHP Hideki Irabu
Pitching: RHP Hideki Irabu
Batting: LHB Andy Fox 0-0: Swinging Strike
0-1: Ball
1-1: Foul Ball, location: 2F
1-2: Ball
2-2: Strikes out looking
Batting: SHB Chris Latham 0-0: Foul Ball, location: 2F
0-1: Ball
1-1: Swinging Strike
1-2: Fly out, F8 (Flyball, 8RXD, EV 91.9 MPH)
Batting: LHB Michael Tucker 0-0: Foul Ball, location: 2F
0-1: Ball
1-1: Ball
2-1: Foul Ball, location: 2F
2-2: Ball
3-2: SINGLE (Flyball, 78S, EV 88.8 MPH)
Batting: SHB Gene Kingsale 0-0: Ground out 4-3 (Groundball, 4, EV 86.3 MPH)
Top of the 1st over - 0 runs, 1 hit, 0 errors, 1 left on base; Spokane 0 - Salt Lake City 0
BOTTOM OF THE 1ST
Salt Lake City Buzz batting - Pitching for Spokane River Rats : RHP Jaret Wright
Pitching: RHP Jaret Wright
Batting: RHB Arquimedez Pozo 0-0: Foul Ball, location: 2F
0-1: Ball
1-1: Ball
2-1: Ball
3-1: Bunt for hit to 13S - play at first, batter OUT! 1-3
Batting: SHB Abraham O Nunez 0-0: Ball
1-0: Ground out 6-3 (Groundball, 6S, EV 77.5 MPH)
Batting: RHB Jerome Walton 0-0: Called Strike
0-1: Swinging Strike
0-2: Strikes out swinging
Bottom of the 1st over - 0 runs, 0 hits, 0 errors, 0 left on base; Spokane 0 - Salt Lake City 0
TOP OF THE 2ND
Spokane River Rats batting - Pitching for Salt Lake City Buzz : RHP Hideki Irabu
Batting: RHB Tony Rodriguez 0-0: Called Strike
0-1: Foul Ball, location: 2F
0-2: Ball
1-2: Strikes out swinging
Batting: SHB Luis M. Lopez 0-0: Foul Ball, location: 2F
0-1: Swinging Strike
0-2: Strikes out swinging
Batting: RHB Mark Dalesandro 0-0: Foul Ball, location: 2F
0-1: Foul Ball, location: 2F
0-2: Ball
1-2: Foul Ball, location: 2F
1-2: Strikes out swinging
Top of the 2nd over - 0 runs, 0 hits, 0 errors, 0 left on base; Spokane 0 - Salt Lake City 0
BOTTOM OF THE 2ND
Salt Lake City Buzz batting - Pitching for Spokane River Rats : RHP Jaret Wright
Batting: RHB Dave Staton 0-0: Called Strike
0-1: Ball
1-1: Ball
2-1: Foul Ball, location: 2F
2-2: Foul Ball, location: 2F
2-2: Ground out 6-3 (Groundball, 6, EV 80.0 MPH)
Batting: RHB Emil Brown 0-0: Foul Ball, location: 2F
0-1: SINGLE (Groundball, 6D, EV 108.1 MPH)
Batting: RHB Norberto Martin 0-0: Ball
1-0: Fly out, F8 (Line Drive, 8RD, EV 92.5 MPH)
Batting: RHB Jose Oliva 0-0: Called Strike
0-1: Ball
1-1: Ball
2-1: Fly out, F9 (Flyball, 9S, EV 83.8 MPH)
Bottom of the 2nd over - 0 runs, 1 hit, 0 errors, 1 left on base; Spokane 0 - Salt Lake City 0
TOP OF THE 3RD
Spokane River Rats batting - Pitching for Salt Lake City Buzz : RHP Hideki Irabu
Batting: SHB Doug Brady 0-0: Ball
1-0: Ball
2-0: Foul Ball, location: 2F
2-1: Ball
3-1: Fly out, F9 (Flyball, 89D, EV 79.4 MPH)
Batting: RHB Jose Lind 0-0: Foul Ball, location: 2F
0-1: Ball
1-1: Ground out 5-3 (Groundball, 56, EV 104.4 MPH)
Batting: LHB Andy Fox 0-0: Called Strike
0-1: Foul Ball, location: 2F
0-2: Ball
1-2: Ball
2-2: Strikes out swinging
Top of the 3rd over - 0 runs, 0 hits, 0 errors, 0 left on base; Spokane 0 - Salt Lake City 0
BOTTOM OF THE 3RD
Salt Lake City Buzz batting - Pitching for Spokane River Rats : RHP Jaret Wright
Batting: SHB Reggie B. Williams 0-0: Ball
1-0: Foul Ball, location: 2F
1-1: Swinging Strike
1-2: Ground out 4-3 (Groundball, 4, EV 101.9 MPH)
Batting: RHB Charlie Greene 0-0: Ball
1-0: Foul Ball, location: 2F
1-1: Foul Ball, location: 2F
1-2: Ball
2-2: Strikes out swinging
Batting: RHB Arquimedez Pozo 0-0: Foul Ball, location: 2F
0-1: Ball
1-1: Ground out 5-3 (Groundball, 56, EV 86.9 MPH)
Bottom of the 3rd over - 0 runs, 0 hits, 0 errors, 0 left on base; Spokane 0 - Salt Lake City 0
TOP OF THE 4TH
Spokane River Rats batting - Pitching for Salt Lake City Buzz : RHP Hideki Irabu
Batting: SHB Chris Latham 0-0: Ball
1-0: Called Strike
1-1: Single, Error in OF, E8, batter to second base (Groundball, 6MD, EV 105.0 MPH)
Batting: LHB Michael Tucker 0-0: 2-RUN HOME RUN (Flyball, 9D, EV 97.5 MPH), Distance : 368 ft
Batting: SHB Gene Kingsale 0-0: Ball
1-0: Ball
2-0: SINGLE (Groundball, 4D, EV 110.0 MPH)
Batting: RHB Tony Rodriguez 0-0: Called Strike
0-1: Ball
1-1: Ball
2-1: Called Strike
2-2: SINGLE (Groundball, 34D, EV 105.0 MPH)
Gene Kingsale to second
Runner from 2nd tries for 3rd, SAFE, throw by RF made to third
Batting: SHB Luis M. Lopez 0-0: Foul Ball, location: 2F
0-1: Ball
1-1: Foul Ball, location: 2F
1-2: Fielders Choice at 2nd, 3-6 (Groundball, 3, EV 80.6 MPH)
Gene Kingsale scores
Batting: RHB Mark Dalesandro 0-0: Ball
1-0: Called Strike
1-1: Foul Ball, location: 2F
1-2: Ball
2-2: Ball
3-2: Foul Ball, location: 2F
3-2: Foul Ball, location: 2F
3-2: Strikes out looking
Batting: SHB Doug Brady 0-0: SINGLE (Groundball, 6MD, EV 93.8 MPH)
Luis M. Lopez to second
Runner from 2nd tries for 3rd, SAFE, throw by CF made to third
Batting: RHB Jose Lind 0-0: Ball
1-0: Called Strike
1-1: Ball
2-1: Swinging Strike
2-2: Foul Ball, location: 2F
2-2: Strikes out looking
Top of the 4th over - 3 runs, 5 hits, 1 error, 2 left on base; Spokane 3 - Salt Lake City 0
BOTTOM OF THE 4TH
Salt Lake City Buzz batting - Pitching for Spokane River Rats : RHP Jaret Wright
Batting: SHB Abraham O Nunez 0-0: Foul Ball, location: 2F
0-1: Ball
1-1: Ball
2-1: Ball
3-1: Base on Balls
Batting: RHB Jerome Walton 0-0: Ball
1-0: Foul Ball, location: 2F
1-1: Grounds into double play, 6-4-3 (Groundball, 6, EV 85.6 MPH)
Batting: RHB Dave Staton 0-0: Ball
1-0: Foul Ball, location: 2F
1-1: Swinging Strike
1-2: Ball
2-2: Ground out 6-3 (Groundball, 6MS, EV 80.0 MPH)
Bottom of the 4th over - 0 runs, 0 hits, 0 errors, 0 left on base; Spokane 3 - Salt Lake City 0
TOP OF THE 5TH
Spokane River Rats batting - Pitching for Salt Lake City Buzz : RHP Hideki Irabu
Batting: LHB Andy Fox 0-0: Foul Ball, location: 2F
0-1: Ball
1-1: Called Strike
1-2: Strikes out looking
Batting: SHB Chris Latham 0-0: Ball
1-0: Fly out, F9 (Line Drive, 9, EV 105.0 MPH)
Batting: LHB Michael Tucker 0-0: Swinging Strike
0-1: Foul Ball, location: 2F
0-2: Hit by Pitch
Batting: SHB Gene Kingsale 0-0: Ball
1-0: Called Strike
1-1: Called Strike
1-2: Ball
2-2: Strikes out looking
Top of the 5th over - 0 runs, 0 hits, 0 errors, 1 left on base; Spokane 3 - Salt Lake City 0
BOTTOM OF THE 5TH
Salt Lake City Buzz batting - Pitching for Spokane River Rats : RHP Jaret Wright
Batting: RHB Emil Brown 0-0: Called Strike
0-1: Ball
1-1: Ball
2-1: Ball
3-1: Foul Ball, location: 2F
3-2: Strikes out looking
Batting: RHB Norberto Martin 0-0: Called Strike
0-1: Ball
1-1: Foul Ball, location: 2F
1-2: Strikes out swinging
Batting: RHB Jose Oliva 0-0: Foul Ball, location: 2F
0-1: Ground out 6-3 (Groundball, 6, EV 83.8 MPH)
Bottom of the 5th over - 0 runs, 0 hits, 0 errors, 0 left on base; Spokane 3 - Salt Lake City 0
TOP OF THE 6TH
Spokane River Rats batting - Pitching for Salt Lake City Buzz : RHP Hideki Irabu
Batting: RHB Tony Rodriguez 0-0: Ball
1-0: Ball
2-0: Foul Ball, location: 2F
2-1: Foul Ball, location: 2F
2-2: Foul Ball, location: 2F
2-2: Ground out 6-3 (Groundball, 56, EV 96.3 MPH)
Batting: SHB Luis M. Lopez 0-0: Foul Ball, location: 2F
0-1: Called Strike
0-2: Ball
1-2: Foul Ball, location: 2F
1-2: Fly out, F9 (Flyball, 9S, EV 83.1 MPH)
Batting: RHB Mark Dalesandro 0-0: Ball
1-0: Ground out 6-3 (Groundball, 6, EV 80.6 MPH)
Top of the 6th over - 0 runs, 0 hits, 0 errors, 0 left on base; Spokane 3 - Salt Lake City 0
BOTTOM OF THE 6TH
Salt Lake City Buzz batting - Pitching for Spokane River Rats : RHP Jaret Wright
Batting: SHB Reggie B. Williams 0-0: Called Strike
0-1: Ball
1-1: Ball
2-1: Called Strike
2-2: Ball
3-2: Base on Balls
Batting: RHB Charlie Greene 0-0: Foul Ball, location: 2F
0-1: Ball
1-1: Called Strike
1-2: Ball
2-2: Foul Ball, location: 2F
2-2: Foul Ball, location: 2F
2-2: Fly out, F8 (Flyball, 8LD, EV 77.5 MPH)
Batting: RHB Arquimedez Pozo 0-0: Ball
1-0: Foul Ball, location: 2F
1-1: Swinging Strike
1-2: Ball
2-2: Foul Ball, location: 2F
2-2: Ball
3-2: Base on Balls
Reggie B. Williams to second
Batting: SHB Abraham O Nunez 0-0: Ball
1-0: SINGLE (Groundball, 4MD, EV 103.8 MPH)
Reggie B. Williams to third
Arquimedez Pozo to second
Runner from 3rd tries for Home, SAFE, no throw by CF
Batting: RHB Jerome Walton 0-0: Called Strike
Arquimedez Pozo steals 3rd base
0-1: Ball
1-1: Called Strike
1-2: DOUBLE (Line Drive, 3D, EV 93.8 MPH)
Arquimedez Pozo scores
Abraham O Nunez to third
Batting: RHB Dave Staton 0-0: Foul Ball, location: 2F
0-1: DOUBLE (Groundball, 5L, EV 103.1 MPH)
Abraham O Nunez scores
Jerome Walton scores
Batting: RHB Emil Brown 0-0: Foul Ball, location: 2F
0-1: Hit by Pitch
Batting: RHB Norberto Martin 0-0: Swinging Strike
0-1: Ball
1-1: Fielders Choice at 2nd, 4-6 (Groundball, 4, EV 83.1 MPH)
Dave Staton to third
Batting: RHB Jose Oliva 0-0: Called Strike
0-1: Ball
1-1: Swinging Strike
1-2: Foul Ball, location: 2F
1-2: Strikes out swinging
Bottom of the 6th over - 4 runs, 3 hits, 0 errors, 2 left on base; Spokane 3 - Salt Lake City 4
TOP OF THE 7TH
Spokane River Rats batting - Pitching for Salt Lake City Buzz : RHP Hideki Irabu
Batting: SHB Doug Brady 0-0: Called Strike
0-1: Foul Ball, location: 2F
0-2: Ball
1-2: Ball
2-2: Ball
3-2: SINGLE (Groundball, 6M, EV 100.0 MPH) (infield hit)
Batting: RHB Jose Lind 0-0: Bunted foul
0-1: Ball
1-1: Ball
2-1: Bunt missed!
2-2: Strikes out looking
Batting: LHB Andy Fox 0-0: Ball
1-0: Ball
2-0: Fielders Choice at 2nd, 6-4 (Groundball, 6, EV 106.3 MPH)
Pinch Hitting: LHB John Mabry 0-0: Ball
1-0: Fly out, F9 (Flyball, 9, EV 88.1 MPH)
Top of the 7th over - 0 runs, 1 hit, 0 errors, 1 left on base; Spokane 3 - Salt Lake City 4
BOTTOM OF THE 7TH
Salt Lake City Buzz batting - Pitching for Spokane River Rats : RHP Jaret Wright
Now in RF: John Mabry
Batting: SHB Reggie B. Williams 0-0: Ball
1-0: Called Strike
1-1: Ball
2-1: Foul Ball, location: 2F
2-2: SINGLE (Line Drive, 9S, EV 91.3 MPH)
Batting: RHB Charlie Greene 0-0: Fly out, F3 (Popup, 3SF, EV 75.0 MPH)
Batting: RHB Arquimedez Pozo 0-0: Ball
1-0: Foul Ball, location: 2F
1-1: Ball
2-1: Swinging Strike
2-2: Strikes out swinging
Batting: SHB Abraham O Nunez 0-0: Ball
1-0: Foul Ball, location: 2F
1-1: Foul Ball, location: 2F
1-2: Ball
2-2: Foul Ball, location: 2F
2-2: DOUBLE (Line Drive, 7LM, EV 86.3 MPH)
Reggie B. Williams to third
Batting: RHB Jerome Walton 0-0: Ball
1-0: Swinging Strike
1-1: Fly out, F8 (Flyball, 8LS, EV 86.9 MPH)
Bottom of the 7th over - 0 runs, 2 hits, 0 errors, 2 left on base; Spokane 3 - Salt Lake City 4
TOP OF THE 8TH
Spokane River Rats batting - Pitching for Salt Lake City Buzz : RHP Hideki Irabu
Pitching: LHP Greg McCarthy
Batting: LHB Michael Tucker 0-0: Ball
1-0: Ball
2-0: Ball
3-0: Foul Ball, location: 2F
3-1: SINGLE (Line Drive, 78M, EV 110.6 MPH)
Pitching: RHP Carlos Almanzar
Batting: SHB Gene Kingsale 0-0: Ground out 4-3 (Groundball, 4D, EV 87.5 MPH)
Michael Tucker to second
Batting: RHB Tony Rodriguez 0-0: Fly out, F8 (Flyball, 78M, EV 85.6 MPH)
Batting: SHB Luis M. Lopez 0-0: Called Strike
0-1: Foul Ball, location: 2F
0-2: Strikes out swinging
Top of the 8th over - 0 runs, 1 hit, 0 errors, 1 left on base; Spokane 3 - Salt Lake City 4
BOTTOM OF THE 8TH
Salt Lake City Buzz batting - Pitching for Spokane River Rats : RHP Jaret Wright
Pitching: RHP Ricky Trlicek
Batting: RHB Dave Staton 0-0: Swinging Strike
0-1: Ball
1-1: Foul Ball, location: 2F
1-2: Ball
2-2: Fly out, F9 (Flyball, 9D, EV 86.3 MPH)
Batting: RHB Emil Brown 0-0: Called Strike
0-1: Hit by Pitch
Batting: RHB Norberto Martin 0-0: Ball
1-0: Swinging Strike
1-1: Ball
2-1: Foul Ball, location: 2F
2-2: Single, Error in OF, E9, batter to second base (Line Drive, 9S, EV 106.9 MPH)
Emil Brown to third
Batting: RHB Jose Oliva 0-0: Ball
1-0: Called Strike
1-1: Ball
2-1: Foul Ball, location: 2F
2-2: Ball
3-2: Fly out, F4 (Popup, 23, EV 80.0 MPH)
Batting: SHB Reggie B. Williams 0-0: SINGLE (Line Drive, 34D, EV 95.0 MPH)
Emil Brown scores
Norberto Martin to third
Runner from 3rd tries for Home, SAFE, throw by RF to home
Batting: RHB Charlie Greene 0-0: Ball
1-0: Ball
2-0: Ball
3-0: Base on Balls
Reggie B. Williams to second
Batting: RHB Arquimedez Pozo 0-0: Foul Ball, location: 2F
0-1: Ball
Wild Pitch!
Reggie B. Williams to third
Charlie Greene to second
1-1: Ground out 6-3 (Groundball, 6MS, EV 83.1 MPH)
Bottom of the 8th over - 2 runs, 2 hits, 1 error, 2 left on base; Spokane 3 - Salt Lake City 6
TOP OF THE 9TH
Spokane River Rats batting - Pitching for Salt Lake City Buzz : RHP Carlos Almanzar
Pitching: LHP Paul Spoljaric
Now at 3B: Shane Andrews
Batting: RHB Mark Dalesandro 0-0: Called Strike
0-1: Ball
1-1: Ball
2-1: SINGLE (Groundball, 6MD, EV 108.8 MPH)
Batting: SHB Doug Brady 0-0: Ball
1-0: Ball
2-0: Called Strike
2-1: Foul Ball, location: 2F
2-2: Strikes out swinging
Pitching: RHP Tim Pugh
Batting: RHB Jose Lind 0-0: Ball
1-0: Ball
2-0: Fly out, F7 (Flyball, 7LMF, EV 110.0 MPH)
Batting: LHB Andy Fox 0-0: Ball
1-0: Foul Ball, location: 2F
1-1: Ground out 1-3 (Groundball, P, EV 67.5 MPH)
Top of the 9th over - 0 runs, 1 hit, 0 errors, 1 left on base; Spokane 3 - Salt Lake City 6
Friday, February 20th, 2026 - OOTP Baseball 20.8 Build 74